[Event "Titled Tuesday Blitz November 01 Early 2022"]
[White "Dushyant Sharma"]
[Black "Makarian, Rudik"]
[WhiteFideId "25065130"]
[BlackFideId "44105681"]
[WhiteElo "2270"]
[BlackElo "2405"]
[Result "1/2-1/2"]
[Round "03"]
[TimeControl "180+1"]
[Date "2022.11.02"]
[WhiteClock "0:00:14"]
[BlackClock "0:00:37"]

1. e4 d6 2. d4 Nf6 3. Nc3 e6 4. Be3 Nc6 5. f3 Be7 6. Qd2 e5 7. d5 Nb8 8. O-O-O a6 9. g4 b5 10. h4 Nbd7 11. Nge2 b4 12. Nb1 a5 13. Ng3 Nf8 14. h5 h6 15. Bb5+ Bd7 16. Bxd7+ N8xd7 17. Nf5 Rg8 18. g5 hxg5 19. Bxg5 Qb8 20. Rhg1 a4 21. Nxe7 Kxe7 22. f4 b3 23. cxb3 axb3 24. a3 Ra4 25. Nc3 Rc4 26. fxe5 dxe5 27. Kb1 Kf8 28. Qd3 Rd4 29. Qe3 Rxd1+ 30. Rxd1 Nxh5 31. d6 cxd6 32. Nd5 Nhf6 33. Nxf6 Nxf6 34. Qf3 Ne8 35. Rf1 f6 36. Bd2 Qb5 37. Bb4 Rh8 38. Rc1 Rh4 39. Qxb3 Qd7 40. Qd5 Qf7 41. Bxd6+ Nxd6 42. Qxd6+ Kg8 43. Rc8+ Kh7 44. Rc7 Qg6 45. Qd3 Qxe4 46. Qxe4+ Rxe4 47. b4 f5 48. b5 f4 49. b6 f3 50. b7 f2 51. Rc1 Re1 52. b8=Q f1=Q 53. Rxe1 Qxe1+ 54. Ka2 Qd2+ 55. Kb3 e4 56. Qe5 Qd3+ 57. Kb4 Qf3 58. Kc4 e3 59. Kd3 e2+ 60. Kd2 Qxa3 61. Qh5+ Kg8 62. Qd5+ Kf8 63. Qf5+ Ke8 64. Qe5+ Qe7 65. Qb5+ Kf7 66. Qf5+ Qf6 67. Qd7+ Kg6 68. Kxe2 Kg5 69. Qd5+ Qf5 70. Qd8+ Kh6 71. Qg8 g6 72. Ke3 Qf6 73. Qe8 Kg5 74. Qb5+ Qf5 75. Qxf5+ Kxf5 76. Kf3 Kg5 77. Kg3 Kh5 78. Kh3 g5 79. Kg3 g4 80. Kg2 Kh4 81. Kh2 g3+ 82. Kg2 Kg4 83. Kg1 Kf4 84. Kg2 Kg4 85. Kg1 Kf3 86. Kf1 g2+ 87. Kg1 Kg3 1/2-1/2


[Site "https://www.chess.com"]

[Event "Titled Tuesday Blitz November 01 Early 2022"]
[White "Eisa Mohmood, Alkhoori"]
[Black "Fernandez De La Vara, Arnaldo"]
[WhiteFideId "9316116"]
[BlackFideId "3518388"]
[WhiteElo "1245"]
[BlackElo "2387"]
[Result "0-1"]
[Round "03"]
[TimeControl "180+1"]
[Date "2022.11.02"]
[WhiteClock "0:01:21"]
[BlackClock "0:01:05"]

1. e4 c5 2. Nf3 e6 3. d4 cxd4 4. Nxd4 a6 5. Nc3 Qc7 6. Bd3 Nf6 7. Qe2 d6 8. g4 h6 9. f4 Nbd7 10. g5 hxg5 11. fxg5 Nh5 12. g6 Ne5 13. gxf7+ Qxf7 14. Rf1 Nf6 15. Bg5 Qh5 16. Bxf6 gxf6 17. Rxf6 Qh4+ 18. Qf2 Be7 19. Nxe6 Qxf2+ 20. Kxf2 Ng4+ 21. Kg1 Bxf6 22. Nc7+ Kf7 23. Nxa8 Bd4+ 24. Kg2 Rxh2+ 25. Kg3 Be5+ 26. Kf3 Rf2# 0-1


[Site "https://www.chess.com"]

[Event "Titled Tuesday Blitz November 01 Early 2022"]
[White "Espinosa Aranda, Angel"]
[Black "Deac, Bogdan-Daniel"]
[WhiteFideId "2278189"]
[BlackFideId "1226380"]
[WhiteElo "2478"]
[BlackElo "2648"]
[Result "0-1"]
[Round "03"]
[TimeControl "180+1"]
[Date "2022.11.01"]
[WhiteClock "0:00:19"]
[BlackClock "0:00:04"]

1. e4 c6 2. d4 d5 3. exd5 cxd5 4. c4 Nf6 5. Nc3 e6 6. Nf3 Bb4 7. cxd5 Nxd5 8. Qc2 Bd7 9. Bd3 Bc6 10. O-O Nd7 11. Ng5 N7f6 12. Re1 h6 13. Nge4 Be7 14. Qe2 Nb4 15. Be3 Nxd3 16. Qxd3 Nxe4 17. Nxe4 Qd5 18. f3 O-O 19. Nc3 Qh5 20. d5 Rfd8 21. Rac1 Bxd5 22. Nxd5 Rxd5 23. Qe2 Bd6 24. f4 Qxe2 25. Rxe2 Kf8 26. Kf2 b6 27. Kf3 Rd8 28. Rec2 h5 29. g3 Ke7 30. a4 g6 31. Rc4 Rd3 32. R1c3 Rxc3 33. Rxc3 Kd7 34. a5 bxa5 35. Bxa7 Ra8 36. Bd4 Rb8 37. Rd3 Ke7 38. Bc3 Rb5 39. Ke4 Bb4 40. Bd4 Rd5 41. h3 f5+ 42. Ke3 Kd6 43. Be5+ Kc5 44. b3 Rxd3+ 45. Kxd3 Be1 46. Bc7 Bxg3 47. Bxa5 Bxf4 48. Bd8 e5 49. Ke2 e4 50. Bf6 Kb4 51. Be7+ Kxb3 52. Bf8 Kc4 53. Be7 Kd5 54. Bf8 Ke6 55. Bh6 Bxh6 0-1


[Site "https://www.chess.com"]

[Event "Titled Tuesday Blitz November 01 Early 2022"]
[White "Faizrakhmanov, Ramil"]
[Black "Lazavik, Denis"]
[WhiteFideId "24103209"]
[BlackFideId "13515110"]
[WhiteElo "2421"]
[BlackElo "2437"]
[Result "1/2-1/2"]
[Round "03"]
[TimeControl "180+1"]
[Date "2022.11.01"]
[WhiteClock "0:00:16"]
[BlackClock "0:00:12"]

1. d4 f5 2. g3 Nf6 3. Bg2 g6 4. Nf3 Bg7 5. O-O O-O 6. c4 d6 7. Nc3 c6 8. Rb1 a5 9. Qb3 Na6 10. Rd1 h6 11. a3 Kh7 12. Qc2 Qe8 13. d5 cxd5 14. cxd5 Bd7 15. Nd4 Rc8 16. Ne6 Bxe6 17. dxe6 Nc5 18. Be3 b5 19. Qd2 Nxe6 20. Nd5 a4 21. Nxf6+ Rxf6 22. Rbc1 Nc5 23. Qb4 Re6 24. Bd5 Rxe3 25. fxe3 Be5 26. Bf3 Kg7 27. Rd5 Bf6 28. Kg2 Rb8 29. Rdxc5 dxc5 30. Rxc5 Qd7 31. Rd5 Qe6 32. e4 fxe4 33. Bxe4 Qg4 34. Bd3 Qe6 35. Rxb5 Qc6+ 36. Kh3 Qd7+ 37. Kg2 Qc6+ 38. Kh3 Rxb5 39. Qxb5 Qh1 40. e3 Qd1 41. Qc4 Bxb2 42. Qe4 Qh5+ 43. Kg2 Bf6 44. h4 Qf5 45. Qxf5 gxf5 46. Bxf5 Bb2 47. Bd7 Bxa3 48. Bxa4 Bc1 49. Kf3 Kf6 50. Bc2 Ba3 51. Kg4 Bb4 52. Kh5 Kg7 53. g4 Bd2 54. e4 Be3 55. e5 Bf4 56. e6 Be3 57. Bf5 Bf4 58. g5 hxg5 59. hxg5 Bd2 60. Kg4 Bc1 61. Kh5 Bd2 62. Kg4 Bc1 63. Kh5 Bd2 1/2-1/2


[Site "https://www.chess.com"]

[Event "Titled Tuesday Blitz November 01 Early 2022"]
[White "Fawzy, Adham"]
[Black "Kirillov, Dmitry"]
[WhiteFideId "10613129"]
[BlackFideId "34180572"]
[WhiteElo "2541"]
[BlackElo "2095"]
[Result "0-1"]
[Round "03"]
[TimeControl "180+1"]
[Date "2022.11.02"]
[WhiteClock "0:00:11"]
[BlackClock "0:00:12"]

1. e4 c6 2. d4 d5 3. e5 c5 4. c3 Nc6 5. Be2 Bf5 6. Nf3 e6 7. O-O Qb6 8. dxc5 Bxc5 9. b4 Be7 10. Be3 Qc7 11. b5 Nb8 12. Qa4 b6 13. c4 dxc4 14. Rc1 Nd7 15. Rxc4 Bc5 16. Nbd2 Nxe5 17. Bf4 f6 18. Nb3 Qe7 19. Nxe5 fxe5 20. Bxe5 Nf6 21. Nxc5 bxc5 22. b6+ Kf7 23. bxa7 Rxa7 24. Qb3 Rha8 25. a4 Qd7 26. Rd1 Qe8 27. h3 Rxa4 28. g4 Rxc4 29. Bxc4 Bg6 30. Qb7+ Kg8 31. Bxe6+ Kh8 32. Bxf6 gxf6 33. Bd5 Rb8 34. Qc6 Qe7 35. Kg2 Rd8 36. Bf3 Rxd1 37. Bxd1 Be4+ 38. Bf3 Bxc6 39. Bxc6 Qd6 40. Bf3 c4 41. Be4 c3 42. Bc2 Qd2 43. Be4 c2 44. Bxc2 Qxc2 45. Kg3 Qc6 46. Kh4 Qd6 47. f4 Qxf4 48. Kh5 Qg5# 0-1


[Site "https://www.chess.com"]

[Event "Titled Tuesday Blitz November 01 Early 2022"]
[White "Fier, Alexandr"]
[Black "Salman, Pavel"]
[WhiteFideId "2107139"]
[BlackFideId "24153753"]
[WhiteElo "2607"]
[BlackElo "2187"]
[Result "1-0"]
[Round "03"]
[TimeControl "180+1"]
[Date "2022.11.02"]
[WhiteClock "0:00:25"]
[BlackClock "0:00:04"]

1. c4 c5 2. Nf3 Nf6 3. e3 b6 4. Nc3 Bb7 5. d4 cxd4 6. exd4 e6 7. Bd3 Be7 8. O-O O-O 9. Re1 d6 10. Bg5 Nbd7 11. Bc2 h6 12. Bh4 Re8 13. Qd3 Nf8 14. Rad1 Rc8 15. a3 d5 16. cxd5 Nxd5 17. Bg3 Nxc3 18. bxc3 Bxa3 19. Ne5 Bd6 20. h4 Bxe5 21. Rxe5 Bd5 22. h5 a5 23. Ba4 Re7 24. Bh4 f6 25. Re3 Rec7 26. Qd2 Bc6 27. Bc2 Qd5 28. Rg3 Qxh5 29. Bxf6 Rf7 30. Be5 a4 31. Rb1 b5 32. f3 a3 33. Ra1 Ra8 34. Kf2 Rd7 35. Qe3 a2 36. Bb3 Ra3 37. Bxa2 Kh8 38. Rh3 Qg6 39. Rxh6+ Kg8 40. Rxg6 Nxg6 41. Bxe6+ 1-0


[Site "https://www.chess.com"]

[Event "Titled Tuesday Blitz November 01 Early 2022"]
[White "Gabdrakhmanov, Azat"]
[Black "Jovic, Stanoje"]
[WhiteFideId "34189197"]
[BlackFideId "905020"]
[WhiteElo "2233"]
[BlackElo "2238"]
[Result "0-1"]
[Round "03"]
[TimeControl "180+1"]
[Date "2022.11.02"]
[WhiteClock "0:00:08"]
[BlackClock "0:00:18"]

1. e4 c6 2. d4 d5 3. e5 c5 4. dxc5 e6 5. Nf3 Bxc5 6. Bd3 Ne7 7. c3 a5 8. Qe2 Ng6 9. h4 h6 10. h5 Ne7 11. Bf4 Qb6 12. Nbd2 a4 13. O-O Bd7 14. b4 axb3 15. axb3 Rxa1 16. Rxa1 Qc7 17. Nd4 Bxd4 18. cxd4 Qc3 19. Rd1 Qxd4 20. Bg3 O-O 21. Nf3 Qb4 22. Bb1 Qxb3 23. Nd4 Qc4 24. Bd3 Qb4 25. Bb1 Qc4 26. Qe3 Nbc6 27. Nxc6 Bxc6 28. Rc1 d4 29. Rxc4 dxe3 30. fxe3 Ra8 31. Bh4 Nd5 32. Rc1 Nxe3 33. Bf2 Nxg2 34. Rd1 Nf4 35. Bb6 Nxh5 36. Kf2 Nf4 37. Ke3 Nd5+ 38. Kd4 Nxb6 39. Kc5 Nd5 40. Be4 g5 41. Kd4 Kg7 42. Bd3 Ra4+ 43. Kc5 Ra3 44. Bc4 Re3 45. Kd4 Rg3 46. Kc5 h5 47. Rf1 h4 0-1


[Site "https://www.chess.com"]

[Event "Titled Tuesday Blitz November 01 Early 2022"]
[White "Gabrielian, Artur"]
[Black "Oparin, Grigoriy"]
[WhiteFideId "4131002"]
[BlackFideId "24125890"]
[WhiteElo "2432"]
[BlackElo "2639"]
[Result "0-1"]
[Round "03"]
[TimeControl "180+1"]
[Date "2022.11.01"]
[WhiteClock "0:00:06"]
[BlackClock "0:00:35"]

1. e4 c5 2. Nf3 d6 3. d4 cxd4 4. Nxd4 Nf6 5. Nc3 Nc6 6. Bg5 e6 7. Qd2 a6 8. O-O-O Bd7 9. f4 Be7 10. Nf3 b5 11. Bxf6 gxf6 12. f5 Qb6 13. Kb1 b4 14. Ne2 a5 15. Ned4 Nxd4 16. Nxd4 Qc5 17. g3 e5 18. Nb3 Qc6 19. Qd3 O-O 20. g4 Rfc8 21. h4 h6 22. g5 fxg5 23. hxg5 Bxg5 24. Rh2 a4 25. Nc1 b3 26. a3 bxc2+ 27. Rxc2 Qxc2+ 28. Qxc2 Rxc2 29. Kxc2 Bc6 30. Bg2 Rc8 31. Kb1 h5 32. Ne2 h4 33. Nc3 Rd8 34. Rd3 Kg7 35. Kc2 Kf6 36. Kd1 Bf4 37. Ke2 Kg5 38. Kf3 f6 39. Nd5 Bxd5 40. Rxd5 Rb8 41. Rxd6 Rb3+ 42. Ke2 h3 43. Bf3 Rxb2+ 44. Kf1 Be3 45. Ke1 Kf4 0-1


[Site "https://www.chess.com"]

[Event "Titled Tuesday Blitz November 01 Early 2022"]
[White "Garayev, Kanan"]
[Black "Orozbaev, Eldiar"]
[WhiteFideId "13406671"]
[BlackFideId "13802240"]
[WhiteElo "2244"]
[BlackElo "2244"]
[Result "1-0"]
[Round "03"]
[TimeControl "180+1"]
[Date "2022.11.02"]
[WhiteClock "0:00:09"]
[BlackClock "0:00:06"]

1. d4 d5 2. Nf3 Nc6 3. Bf4 Bg4 4. e3 Nf6 5. Be2 e6 6. O-O Bd6 7. Bg3 Ne7 8. Bxd6 Qxd6 9. Ne5 Bxe2 10. Qxe2 Ng6 11. Qb5+ Nd7 12. Nxd7 Qxd7 13. Qxb7 O-O 14. Qb3 c5 15. dxc5 Rfc8 16. Qa3 Qb5 17. Nd2 Rxc5 18. Nb3 Rc4 19. Nd4 Qb6 20. c3 Rb8 21. Qb3 Qc7 22. Qc2 h5 23. Rac1 h4 24. h3 Qd6 25. Rfd1 Rbc8 26. Qe2 a5 27. Rc2 a4 28. Rdc1 a3 29. b3 R4c5 30. c4 dxc4 31. Rxc4 Ne5 32. Nb5 Qd5 33. Rxc5 Rxc5 34. Rd1 Qa8 35. Nxa3 Ng6 36. Nc4 Rg5 37. f3 Qa7 38. Qf2 Rg3 39. Rd8+ Kh7 40. Rd4 Rg5 41. Nd6 e5 42. Rc4 Qd7 43. Ne4 Rf5 44. Rc1 Rh5 45. Nc5 Qc8 46. b4 f5 47. Nb3 Qe6 48. b5 Rg5 49. Rc6 Qd5 50. Rc5 Qd1+ 51. Qf1 Qd6 52. Rc6 Qb4 53. Rc4 Qa3 54. Rc2 Qb4 55. Nc1 e4 56. f4 Rg3 57. Qe2 Qa3 58. Kf2 Qa7 59. Qh5+ Kg8 60. Rc8+ Kf7 61. Qxf5+ Ke7 62. Qxe4+ Kf7 63. Qe8+ Kf6 64. Rc6+ Kf5 65. Qe6# 1-0


[Site "https://www.chess.com"]

[Event "Titled Tuesday Blitz November 01 Early 2022"]
[White "Garcia, Erick"]
[Black "Aarav Dengla"]
[WhiteFideId "2058880"]
[BlackFideId "45059756"]
[WhiteElo "2202"]
[BlackElo "2257"]
[Result "0-1"]
[Round "03"]
[TimeControl "180+1"]
[Date "2022.11.02"]
[WhiteClock "0:00:43"]
[BlackClock "0:01:31"]

1. d4 d5 2. c4 e6 3. g3 dxc4 4. Bg2 c5 5. Nf3 Nc6 6. Qa4 cxd4 7. Nxd4 Qxd4 8. Bxc6+ Bd7 9. Bxd7+ Qxd7 10. Qxd7+ Kxd7 11. Nd2 Bb4 12. O-O Bxd2 13. Bxd2 Nf6 14. Bc3 Rhd8 15. Rac1 Rac8 16. Rfd1+ Ke8 17. Rxd8+ Kxd8 18. f3 Ke7 19. e4 Ne8 20. Kf2 f6 21. Ke3 b6 22. a4 Nd6 23. Bb4 a5 24. Ba3 e5 25. Rd1 Rc6 26. f4 Ke6 27. f5+ Kd7 28. Rd5 c3 29. b3 c2 30. Kd2 Kc8 31. Kc1 Nxe4 32. Bf8 Nc3 0-1


[Site "https://www.chess.com"]

[Event "Titled Tuesday Blitz November 01 Early 2022"]
[White "Goltsev, Dmitry"]
[Black "Shankland, Sam"]
[WhiteFideId "24176710"]
[BlackFideId "2004887"]
[WhiteElo "2257"]
[BlackElo "2612"]
[Result "0-1"]
[Round "03"]
[TimeControl "180+1"]
[Date "2022.11.01"]
[WhiteClock "0:00:04"]
[BlackClock "0:01:19"]

1. e4 c5 2. Nf3 d6 3. d4 cxd4 4. Nxd4 Nf6 5. Nc3 Nc6 6. Be2 g6 7. Be3 Bg7 8. O-O O-O 9. f4 Bd7 10. Qd2 Rc8 11. Bf3 a6 12. Rad1 Qc7 13. h3 b5 14. Nxc6 Bxc6 15. a3 Rfd8 16. Bd4 a5 17. Qe3 Nd7 18. Bxg7 Kxg7 19. Qd4+ Nf6 20. e5 dxe5 21. Qxe5 Qb6+ 22. Kh2 Rxd1 23. Bxd1 b4 24. axb4 axb4 25. Ne2 Bb5 26. Qxe7 Re8 27. Qxb4 Qa6 28. Qc3 Bxe2 29. Bxe2 Rxe2 30. Rf3 Qd6 31. b4 Re4 32. b5 Rb4 33. g4 h6 34. Kg2 Rxb5 35. h4 Rc5 36. Qb3 Nxg4 37. Kh3 h5 38. f5 Qh2# 0-1


[Site "https://www.chess.com"]

[Event "Titled Tuesday Blitz November 01 Early 2022"]
[White "Goriatchkin, Jouri"]
[Black "Tarasova, Viktoriya"]
[WhiteFideId "4120183"]
[BlackFideId "4175840"]
[WhiteElo "1862"]
[BlackElo "2182"]
[Result "0-1"]
[Round "03"]
[TimeControl "180+1"]
[Date "2022.11.02"]
[WhiteClock "0:01:17"]
[BlackClock "0:01:28"]

1. d4 Nf6 2. c4 e6 3. Nf3 b6 4. g3 Ba6 5. Qc2 c5 6. Bg2 Bb7 7. d5 exd5 8. Nh4 Nc6 9. cxd5 Nb4 10. Qd2 Bxd5 11. Bxd5 Nbxd5 12. e4 Nb4 0-1


[Site "https://www.chess.com"]

[Event "Titled Tuesday Blitz November 01 Early 2022"]
[White "Goryachkina, Aleksandra"]
[Black "Donchenko, Alexander"]
[WhiteFideId "4147103"]
[BlackFideId "24603295"]
[WhiteElo "2484"]
[BlackElo "2572"]
[Result "1/2-1/2"]
[Round "03"]
[TimeControl "180+1"]
[Date "2022.11.02"]
[WhiteClock "0:00:10"]
[BlackClock "0:00:09"]

1. e4 c5 2. Nf3 e6 3. c3 d5 4. exd5 Qxd5 5. d4 Nf6 6. Na3 Be7 7. Nb5 Na6 8. Be2 O-O 9. O-O Bd7 10. a4 Bc6 11. h3 Rfd8 12. Be3 cxd4 13. Nbxd4 Be8 14. Nb5 Bc5 15. Qc1 Qe4 16. Nfd4 Nd5 17. Bf3 Qg6 18. Bg5 Rd7 19. Rd1 h6 20. Bd2 Rc8 21. Qb1 Qxb1 22. Raxb1 Nac7 23. Nxc7 Rdxc7 24. Bxd5 exd5 25. a5 Ba4 26. Re1 Bxd4 27. cxd4 Rc2 28. Bc3 Kf8 29. Rbc1 Rxc1 30. Rxc1 Ke8 31. Re1+ Kd7 32. f3 Rc4 33. Kf2 Bb5 34. Ke3 Ra4 35. Kd2 Rc4 36. Ke3 Rc8 37. Kd2 Bc4 38. Bb4 Re8 39. Rxe8 Kxe8 40. Bc5 a6 41. Ke3 h5 42. h4 Kd7 43. g3 Ke6 44. Kf4 Be2 45. Bf8 g6 46. Bc5 Bd1 47. Bb6 Kd7 48. Bc5 Kc6 49. Ke3 Kb5 50. b4 Kc4 51. Bd6 Kc3 52. Be7 Kc2 53. Bd6 Kb3 54. Be7 Kc4 55. Bd6 Kb5 56. Be7 Kc6 57. Bc5 Kd7 58. Bb6 Ke6 59. Kf4 f6 60. Bd8 Kf7 61. Ke3 Kg7 62. Kf4 Kf7 63. Ke3 Ke6 64. Kf4 Kf7 1/2-1/2


[Site "https://www.chess.com"]

[Event "Titled Tuesday Blitz November 01 Early 2022"]
[White "Grandelius, Nils"]
[Black "Pakleza, Zbigniew"]
[WhiteFideId "1710400"]
[BlackFideId "1119290"]
[WhiteElo "2617"]
[BlackElo "2411"]
[Result "1-0"]
[Round "03"]
[TimeControl "180+1"]
[Date "2022.11.01"]
[WhiteClock "0:00:09"]
[BlackClock "0:00:03"]

1. Nf3 d5 2. e3 Nf6 3. c4 c6 4. Qc2 Bg4 5. Ne5 Bh5 6. cxd5 Nxd5 7. Nc3 e6 8. Nxd5 exd5 9. Qf5 Bg6 10. Qh3 Nd7 11. Nxg6 fxg6 12. Be2 Bd6 13. O-O Qe7 14. Rb1 O-O 15. b4 a6 16. a4 b5 17. axb5 axb5 18. Bb2 Bxb4 19. Rfc1 Ra6 20. Rc2 Nf6 21. d3 c5 22. Bf3 Rd8 23. Qh4 c4 24. dxc4 dxc4 25. Bd4 Bc5 26. Bb2 h6 27. g3 g5 28. Qh3 Qd7 29. Qxd7 Rxd7 30. Bxf6 Rxf6 31. Bg4 Rb7 32. Rxc4 bxc4 33. Rxb7 c3 34. Rc7 Bb4 35. Rc4 Rb6 36. Bf5 Kf7 37. Kg2 g6 38. Be4 Kf6 39. Kf3 Ba5 40. h3 Bb4 41. Ke2 h5 42. g4 h4 43. Rc8 Ba5 44. Rg8 Rb2+ 45. Kf3 Ke5 46. Rxg6 Bb4 47. Rxg5+ Kd6 48. Rd5+ Ke6 49. Rd8 Bc5 50. Rc8 Kd6 51. Rc6+ Kd7 52. Rxc5 1-0


[Site "https://www.chess.com"]

[Event "Titled Tuesday Blitz November 01 Early 2022"]
[White "Grot, Blazej"]
[Black "Vlassov, Nikolai"]
[WhiteFideId "21835845"]
[BlackFideId "4103360"]
[WhiteElo "1739"]
[BlackElo "2324"]
[Result "0-1"]
[Round "03"]
[TimeControl "180+1"]
[Date "2022.11.02"]
[WhiteClock "0:01:50"]
[BlackClock "0:02:10"]

1. e4 Nc6 2. Nf3 d5 3. exd5 Qxd5 4. Nc3 Qa5 5. d4 Bg4 6. Bd2 O-O-O 7. d5 Bxf3 8. Qxf3 Nb4 9. Bd3 Nf6 10. Be4 Nxe4 11. Qxe4 Nxd5 12. Nxd5 Qxd5 13. Qxd5 Rxd5 14. Be3 e6 15. Ke2 Bc5 16. c4 Re5 17. Rad1 Bxe3 18. fxe3 Rd8 19. Rxd8+ Kxd8 20. b3 Ke7 21. Rf1 Rh5 22. h3 Rg5 23. Rf2 a6 24. Kd3 h5 25. Rc2 h4 26. Ke4 Rg3 27. Kf4 g5+ 28. Ke4 f5+ 29. Kd3 f4 30. a4 Rxe3+ 31. Kd2 Rg3 32. Kc1 f3 33. gxf3 Rxf3 34. Rh2 Rxb3 35. Kc2 Rb4 36. Kc3 Rxa4 37. Kb3 b5 38. cxb5 axb5 39. Rc2 Kd6 40. Rd2+ Kc5 41. Rc2+ Rc4 42. Rg2 g4 43. hxg4 h3 44. Rh2 Rxg4 45. Rxh3 e5 46. Rh5 Rg3+ 47. Kc2 Kd4 48. Rh4+ e4 49. Rh7 c5 50. Rd7+ Kc4 51. Re7 Rg2+ 52. Kd1 Kd3 53. Rd7+ Kc3 0-1


[Site "https://www.chess.com"]

[Event "Titled Tuesday Blitz November 01 Early 2022"]
[White "Grover, Sahaj"]
[Black "Manukian, Artak"]
[WhiteFideId "5021103"]
[BlackFideId "13301373"]
[WhiteElo "2432"]
[BlackElo "2462"]
[Result "1-0"]
[Round "03"]
[TimeControl "180+1"]
[Date "2022.11.02"]
[WhiteClock "0:01:55"]
[BlackClock "0:01:22"]

1. d4 Nf6 2. Bf4 d5 3. e3 Bg4 4. Qd3 c6 5. Qb3 Qb6 6. c4 e6 7. Nc3 Nbd7 8. c5 Qxb3 9. axb3 a6 10. b4 Rc8 11. h3 Bh5 12. g4 Bg6 13. Nf3 Be7 14. Nd2 O-O 15. Nb3 Bd8 16. Na5 Bxa5 17. bxa5 Ne8 18. Kd2 Nc7 19. Bd6 Rfe8 20. f4 f6 21. h4 Nb5 22. Nxb5 cxb5 23. h5 Bf7 24. Bd3 Nb8 25. g5 f5 26. Rag1 g6 27. hxg6 Bxg6 28. b4 Nc6 29. Kc3 Nd8 30. Be5 Nf7 31. Bf6 Rc7 32. Be2 Nd8 33. Bh5 Bxh5 34. Rxh5 Rf8 35. Be5 Rff7 36. g6 hxg6 37. Rh8# 1-0


[Site "https://www.chess.com"]

[Event "Titled Tuesday Blitz November 01 Early 2022"]
[White "Gu, Xiaobing"]
[Black "Budrewicz, Krzysztof"]
[WhiteFideId "8602611"]
[BlackFideId "1127950"]
[WhiteElo "2174"]
[BlackElo "2171"]
[Result "0-1"]
[Round "03"]
[TimeControl "180+1"]
[Date "2022.11.02"]
[WhiteClock "0:00:14"]
[BlackClock "0:01:11"]

1. e4 g6 2. d4 Bg7 3. Nc3 d6 4. Be3 a6 5. Qd2 b5 6. a3 Nd7 7. Nf3 Bb7 8. Bd3 c5 9. d5 Ngf6 10. Bh6 Bxh6 11. Qxh6 Qc7 12. O-O O-O-O 13. Qd2 h6 14. Qe2 c4 15. Rfc1 cxd3 16. cxd3 Kb8 17. Nxb5 Qb6 18. Nbd4 Rc8 19. b4 Ng4 20. Nc6+ Bxc6 21. dxc6 Nde5 22. d4 Nxc6 23. h3 Nf6 24. e5 Nd5 25. exd6 exd6 26. Qe4 Nce7 27. Nd2 Rxc1+ 28. Rxc1 Rc8 29. Re1 Qc6 30. Nb3 Rc7 31. Qf3 Qc3 32. Qd1 Qc2 33. Qf3 Rc3 34. Qxf7 Qxb3 35. Qe8+ Rc8 36. Qd7 Qc3 37. Qxd6+ Kb7 38. Re6 Qc1+ 39. Kh2 Qc7 40. Rxe7 Nxe7 0-1


[Site "https://www.chess.com"]

[Event "Titled Tuesday Blitz November 01 Early 2022"]
[White "Gulevich, Artem"]
[Black "Ozen, Bahadir"]
[WhiteFideId "24119580"]
[BlackFideId "6337058"]
[WhiteElo "2218"]
[BlackElo "2503"]
[Result "1/2-1/2"]
[Round "03"]
[TimeControl "180+1"]
[Date "2022.11.02"]
[WhiteClock "0:00:05"]
[BlackClock "0:00:26"]

1. Nf3 g6 2. d4 Bg7 3. b3 c5 4. Bb2 cxd4 5. Nxd4 Nf6 6. e3 O-O 7. Be2 Nc6 8. O-O b6 9. c4 Bb7 10. Nd2 Nxd4 11. Bxd4 Qc7 12. Bf3 Rfd8 13. Rc1 d6 14. Qc2 Rac8 15. Qb2 Qb8 16. Rfd1 Bxf3 17. Nxf3 Qb7 18. h3 a6 19. Nd2 e5 20. Bc3 b5 21. Qb1 Re8 22. Bb2 d5 23. cxb5 Rxc1 24. Qxc1 axb5 25. Nf3 Ne4 26. Qa1 f6 27. Nd2 Ng5 28. Qb1 Ra8 29. h4 Ne6 30. h5 Kf7 31. Nf3 b4 32. hxg6+ hxg6 33. Nh4 Nf8 34. Rc1 Rc8 35. a4 bxa3 36. Rxc8 Qxc8 37. Bxa3 f5 38. Bxf8 Bxf8 39. b4 Qc4 40. Nf3 Ke6 41. b5 Qb4 42. Qd3 Bd6 43. Qe2 Qb1+ 44. Qf1 Qxf1+ 45. Kxf1 d4 46. exd4 e4 47. Ne5 Kd5 48. Nxg6 Kxd4 49. Ke2 Kc5 50. Nh4 f4 51. f3 exf3+ 52. Kxf3 Kxb5 53. Ng6 Kc6 54. Nxf4 Kd7 55. Ke4 Ke7 56. Kf5 Kf7 57. Nd5 Bg3 58. Ne3 Kg7 59. Nf1 Bd6 60. g4 Be7 61. Ng3 Bh4 62. Nh5+ Kf7 63. Nf4 Kg7 64. Ng6 Bd8 65. Nf4 Bh4 66. Nd5 Kf7 67. Nc7 Kg7 68. Ne6+ Kf7 69. Ng5+ Bxg5 70. Kxg5 Kg7 71. Kf5 1/2-1/2


[Site "https://www.chess.com"]

[Event "Titled Tuesday Blitz November 01 Early 2022"]
[White "Guliev, Logman"]
[Black "Pappelis, Dimitrios"]
[WhiteFideId "13400061"]
[BlackFideId "4215281"]
[WhiteElo "2161"]
[BlackElo "2104"]
[Result "1-0"]
[Round "03"]
[TimeControl "180+1"]
[Date "2022.11.02"]
[WhiteClock "0:00:17"]
[BlackClock "0:00:10"]

1. e4 c5 2. Nf3 Nc6 3. Bb5 Nf6 4. Qe2 Qc7 5. O-O e5 6. Bxc6 dxc6 7. h3 Be7 8. d3 h6 9. Be3 Be6 10. c4 O-O-O 11. a4 g5 12. a5 Rdg8 13. a6 b6 14. Ne1 h5 15. Nd2 Nd7 16. Nc2 g4 17. h4 Bxh4 18. b4 Be7 19. Nb3 cxb4 20. d4 exd4 21. Ncxd4 h4 22. Nxe6 fxe6 23. Nd4 Nc5 24. e5 g3 25. f4 h3 26. Nf3 hxg2 27. Kxg2 Qd8 28. Rh1 Qf8 29. Rad1 b3 30. Qd2 Qg7 31. Bxc5 Bxc5 32. Ng5 Kb8 33. Nxe6 Qg4 34. Rxh8 Rxh8 35. Qd8+ 1-0


[Site "https://www.chess.com"]

[Event "Titled Tuesday Blitz November 01 Early 2022"]
[White "Guzman Moneo, Alberto"]
[Black "Rangel, Daniel"]
[WhiteFideId "2209616"]
[BlackFideId "2124475"]
[WhiteElo "2157"]
[BlackElo "2225"]
[Result "1-0"]
[Round "03"]
[TimeControl "180+1"]
[Date "2022.11.02"]
[WhiteClock "0:00:08"]
[BlackClock "0:00:09"]

1. e4 c5 2. Nc3 g6 3. f4 Bg7 4. Nf3 Nc6 5. Bb5 e6 6. Bxc6 bxc6 7. O-O Ne7 8. d3 O-O 9. Qe1 d5 10. Bd2 Ba6 11. Na4 c4 12. Nc5 cxd3 13. cxd3 dxe4 14. Qxe4 Bc8 15. d4 Rb8 16. Bc3 Qd5 17. Ne5 Nf5 18. Qxd5 cxd5 19. Ned7 Nxd4 20. Nxb8 Ne2+ 21. Kf2 Nxc3 22. bxc3 Bxc3 23. Nc6 Bxa1 24. Rxa1 Kg7 25. Ke3 h5 26. h4 Re8 27. Rb1 Rf8 28. Rb8 f6 29. Ne7 Bd7 30. Nxd7 Rf7 31. Re8 g5 32. g3 gxh4 33. gxh4 Kh7 34. a4 a5 35. Kd4 e5+ 36. fxe5 fxe5+ 37. Nxe5 Rf4+ 38. Kxd5 Rxh4 39. Nc4 Rh1 40. Nxa5 h4 41. Nf5 Rd1+ 42. Kc5 h3 43. Re3 Rh1 44. Nc4 Kg6 45. Ng3 Rc1 46. Re2 Kg5 47. Rh2 Kg4 48. Ne2 Rc2 49. a5 Ra2 50. Kb5 Ra1 51. a6 Rb1+ 52. Ka5 Ra1+ 53. Kb6 Rb1+ 54. Ka7 Ra1 55. Ne3+ Kf3 56. Nd5 Kg4 57. Ndc3 Ra3 58. Nb5 Ra2 59. Kb6 Kf3 60. Ned4+ Kg3 61. Rxa2 h2 62. Rxh2 1-0


[Site "https://www.chess.com"]

[Event "Titled Tuesday Blitz November 01 Early 2022"]
[White "Harriott, Tyrell"]
[Black "Migot, Tangi"]
[WhiteFideId "2086484"]
[BlackFideId "662445"]
[WhiteElo "2107"]
[BlackElo "2602"]
[Result "1-0"]
[Round "03"]
[TimeControl "180+1"]
[Date "2022.11.02"]
[WhiteClock "0:01:12"]
[BlackClock "0:01:23"]

1. d4 d6 2. e3 e5 3. Bd3 Nf6 4. Ne2 e4 5. Bc4 d5 6. Bb3 a5 7. c4 c6 8. Nbc3 Be6 9. cxd5 cxd5 10. Nf4 Nc6 11. O-O Bb4 12. f3 O-O 13. fxe4 Bxc3 14. bxc3 Nxe4 15. Ba3 a4 16. Nxe6 fxe6 17. Rxf8+ Qxf8 18. Bxf8 Rxf8 19. Bc2 Nxc3 20. Qd3 Ne4 21. Bxa4 Na5 22. Rf1 Rd8 23. Qb5 Nc4 24. Qxb7 Ned6 25. Qe7 Ra8 26. Qxe6+ Kh8 27. Qxd5 Rxa4 28. Rf8# 1-0


[Site "https://www.chess.com"]